 Dungeon Crawl Stone Soup version 0.21-b1-23-g1fb0a74 (webtiles) character file.

597 tin111 the Skirmisher (level 7, -9/62 HPs)
             Began as a Hill Orc Fighter on Jan 5, 2018.
             Was an Initiate of Makhleb.
             Mangled by Pikel
             ... wielding a +1 whip of electrocution
              (19 damage)
             ... on level 6 of the Dungeon.
             The game lasted 00:08:36 (3173 turns).

tin111 the Skirmisher (Hill Orc Fighter)            Turns: 3173, Time: 00:08:37

Health: -9/62      AC: 12    Str: 19    XL:     7   Next: 40%
Magic:  8/8        EV: 11    Int:  8    God:    Makhleb [......]
Gold:   131        SH:  0    Dex: 12    Spells: 6/6 levels left

rFire    . . .     SeeInvis .   a - +0 war axe
rCold    . . .     Gourm    .   (no shield)
rNeg     . . .     Faith    .   b - +0 scale mail
rPois    .         Spirit   .   o - +0 helmet
rElec    .         Reflect  .   n - +1 cloak
rCorr    .         Harm     .   (no gloves)
MR       .....                  h - +0 pair of boots
Stlth    ..........             (no amulet)
HPRegen  0.20/turn              (no ring)
MPRegen  0.11/turn              (no ring)

@: no status effects
A: no striking features
a: Renounce Religion


You were on level 6 of the Dungeon.
You worshipped Makhleb.
Makhleb was noncommittal.
You were not hungry.

You visited 1 branch of the dungeon, and saw 5 of its levels.

You collected 131 gold pieces.

Inventory:

Hand Weapons
 a - a +0 war axe (weapon)
Missiles
 c - 207 stones (quivered)
Armour
 b - a +0 scale mail (worn)
 h - a +0 pair of boots (worn)
 n - a +1 cloak (worn)
 o - a +0 helmet (worn)
Jewellery
 j - an uncursed amulet of regeneration {unknown}
 l - an uncursed ring of ice {unknown}
Scrolls
 d - a scroll of magic mapping {unknown}
 e - 3 scrolls of fear {unknown}
 i - 3 scrolls of identify {unknown}
 k - 3 scrolls of immolation {unknown}
 m - a scroll of enchant armour {unknown}
 p - a scroll of remove curse {unknown}
 q - 2 scrolls of teleportation {unknown}
Potions
 g - 2 potions of curing
 r - a potion of berserk rage {unknown}
Comestibles
 f - 2 rations
 s - 9 chunks of flesh


   Skills:
 + Level 5.8 Fighting
 + Level 5.5 Axes
 + Level 5.2 Armour
 + Level 2.8 Dodging
   Level 3.2 Shields
 + Level 1.9 Invocations


You had 6 spell levels left.
You didn't know any spells.

Dungeon Overview and Level Annotations

Branches:
Dungeon (4/15)             Temple (0/1) D:4

Altars:
Makhleb
Okawaru
Yredelemnul

Annotations:
D:6 Pikel


Message History

You barely miss the slave. You hit the slave but do no damage.
You barely miss the slave. Pikel hits you but does no damage.
The slave misses you. x2; The slave hits you.
You hit Pikel but do no damage.
Pikel is moderately wounded.
Your scale mail prevents you from hitting the slave.
You hit the slave. x2; The slave hits you!
The slave hits you but does no damage.
Pikel hits you with a whip of electrocution.
* * * LOW HITPOINT WARNING * * *
You hit Pikel.
Pikel is moderately wounded.
You hit the slave. You hit the slave but do no damage. You hit the slave.
The slave hits you.
* * * LOW HITPOINT WARNING * * *
The slave hits you but does no damage.
Pikel hits you with a whip of electrocution.
* * * LOW HITPOINT WARNING * * *
You are electrocuted!
You die...

.. . . #. #.# #
####..######.###
.......p........
#pK@......#
......pp......#
.....####.......
#### .###.## .#
# .# .# .#


You could see Pikel and 4 slaves.

Vanquished Creatures
  Grinder (D:3)
  An ogre (D:4)
  A crimson imp (D:3)
  A hound (D:4)
  Natasha (thrice) (D:3)
  A worker ant (D:4)
  Robin (D:3)
  3 adders
  5 gnolls
  A worm (D:2)
  2 dart slugs
  6 leopard geckos
  2 orcs (D:3)
  A giant cockroach (D:1)
  14 goblins
  8 hobgoblins
  2 jackals (D:3)
  A quokka (D:3)
  6 bats
  6 frilled lizards
  4 kobolds
  5 rats
  A spectral orc (D:2)
76 creatures vanquished.

Notes
Turn   | Place    | Note
-------+----------+-------------------------------------------
     0 | D:1      | tin111 the Hill Orc Fighter began the quest for the Orb.
     0 | D:1      | Reached XP level 1. HP: 19/19 MP: 1/1
   333 | D:1      | Reached XP level 2. HP: 19/27 MP: 2/2
   991 | D:2      | Reached XP level 3. HP: 29/33 MP: 3/3
  1215 | D:2      | Reached skill level 1 in Dodging
  1623 | D:2      | Found a basalt altar of Yredelemnul.
  1737 | D:3      | Noticed Grinder
  1743 | D:3      | Paralysed by Grinder for 2 turns
  1760 | D:3      | Killed Grinder
  1760 | D:3      | Reached skill level 5 in Fighting
  1760 | D:3      | Reached XP level 4. HP: 27/42 MP: 4/4
  1760 | D:3      | Reached XP level 5. HP: 31/48 MP: 5/5
  1760 | D:3      | Reached XP level 6. HP: 37/56 MP: 6/6
  2073 | D:3      | Noticed Robin
  2112 | D:3      | Killed Robin
  2377 | D:3      | Found an iron altar of Okawaru.
  2545 | D:3      | Found a burning altar of Makhleb.
  2583 | D:3      | Reached skill level 5 in Axes
  2594 | D:3      | Became a worshipper of Makhleb the Destroyer
  2619 | D:3      | Noticed Natasha
  2627 | D:3      | Killed Natasha
  2931 | D:3      | Noticed Natasha
  2938 | D:3      | Killed Natasha
  3011 | D:3      | Noticed Natasha
  3020 | D:3      | Killed Natasha
  3020 | D:3      | Reached skill level 1 in Invocations
  3020 | D:3      | Reached XP level 7. HP: 53/61 MP: 7/7
  3042 | D:4      | Found a staircase to the Ecumenical Temple.
  3049 | D:4      | Reached skill level 5 in Armour
  3168 | D:4      | You fall through a shaft for 2 floors!
  3168 | D:6      | Noticed Pikel
  3173 | D:6      | Mangled by Pikel

Skill      XL: |  1  2  3  4  5  6  7 |
---------------+----------------------+-----
Axes           | 3 4 5 |  5.5
Fighting       | 4 5 |  5.8
Dodging        | 2 |  2.8
Armour         | 4 5 |  5.2
Invocations    | 1 |  1.9
Shields        | |  3.2

Action                   |  1- 3 |  4- 6 |  7- 9 || total
-------------------------+-------+-------+-------++-------
Melee: War axe           |   112 |   144 |    33 ||   289
Throw: Stone             |     4 |     3 |       ||     7
  Use: Potion            |     1 |     1 |       ||     2
  Eat: Chunk             |     3 |     2 |       ||     5
       Ration            |       |     1 |       ||     1
Armor: Scale mail        |    60 |    92 |    21 ||   173
Dodge: Dodged            |    79 |    94 |    27 ||   200
